[Event "Live Chess"]
[Site "Chess.com"]
[Date "2023.05.21"]
[Round "-"]
[White "EdenHazard8"]
[Black "HoarseyHorsey"]
[Result "1-0"]
[WhiteElo "2000"]
[BlackElo "1430"]
[TimeControl "300"]
[EndTime "17:02:12 PDT"]
[Termination "EdenHazard8 won by resignation"]

1. e4 c5 2. Nc3 e6 3. f4 g6 4. Nf3 Bg7 5. Bb5 Nc6 6. Bxc6 bxc6 7.
d3 Ne7 8. O-O O-O 9. Qe1 d6 10.
Qh4 f6 11. f5 exf5 12. Bh6 Be6 13. Bxg7 Kxg7 14. Rae1 d5 15. e5 Rb8 16. exf6+ Rxf6 17. Ng5 Bg8 18. Re2 Qd6 19. Rfe1 Re8 20. d4 cxd4 21.
Qxd4 c5 22. Qe5 h6 23. Qxd6 Rxd6 24. Nf3 Kf8 25. Ne5 d4 26. Nb5 Re6 27. Nd7+ Kg7 28. Rxe6 Bxe6 29. Rxe6 Kf7 30. Re1 Rb8 31. Nd6+ Kg7 32.
Rxe7+ 1-0

[Event "Live Chess"]
[Site "Chess.com"]
[Date "2023.05.21"]
[Round "-"]
[White "wot-not"]
[Black "WelshTiger"]
[Result "0-1"]
[WhiteElo "1546"]
[BlackElo "2359"]
[TimeControl "300"]
[EndTime "17:02:12 PDT"]
[Termination "WelshTiger won by resignation"]

1. e4 c6 2. f4 d5 3. e5 h5 4. Nf3 Nh6 5. d4 Bg4 6. Bd3 e6 7. O-O Be7 8. h3 Bxf3 9. Qxf3 h4 10. f5 exf5 11. Bxf5 Nxf5 12. Qxf5 O-O 13. Nd2 c5 14. c3 Nc6 15. Nf3 cxd4 16. cxd4 Qb6 17. Bg5 Nxd4 18. Nxd4 Qxd4+ 19. Kh1 Bxg5 20. Qxg5 Rae8 21.
Rf4 Qxe5 22. Qxe5 Rxe5 23. Rxh4 Rc8 24. Rb4 b6 25. Rd1 Rc2 26. Rbd4 Rxb2 27. Rxd5 Rxd5 28. Rxd5 Rxa2 29. Rd8+ Kh7 30. Rd7 Kg6 31. Kh2 b5 32. Kg3 b4 33. Kg4 b3 34. Rd6+ f6 35. h4 Rxg2+ 36. Kf4 Rc2 0-1

[Event "Live Chess"]
[Site "Chess.com"]
[Date "2023.05.21"]
[Round "-"]
[White "Ed_Knox"]
[Black "laminaaprod"]
[Result "0-1"]
[WhiteElo "1469"]
[BlackElo "2227"]
[TimeControl "300"]
[EndTime "17:02:16 PDT"]
[Termination "laminaaprod won by checkmate"]

1. d4 c5 2. d5 d6 3. e4 e6 4. Nc3 exd5 5. Nxd5 Nf6 6. Bb5+ Bd7 7. Bxd7+ Nbxd7 8.
Bg5 Be7 9. Nxe7 Qxe7 10. f3 d5 11. Bxf6 Nxf6 12. Qe2 dxe4 13. O-O-O O-O 14. fxe4 Qxe4 15. Qxe4 Nxe4 16. Nh3 Rad8 17. Rhe1 Rxd1+ 18. Kxd1 Rd8+ 19. Kc1 Nf6 20. Re7 Rd7 21. Re5 b6 22. Nf4 g6 23.
Nd3 Kg7 24. Rg5 h6 25. Rg3 Re7 26. Kd1 Nd5 27. c3 Ne3+ 28. Kd2 Nf1+ 29. Kc2 Nxg3 30. hxg3 Re2+ 31. Kb3 Rxg2 32. Ne5 Rxg3 33. Nd7 h5 34. a4 h4 35. Kc4 h3 36. Ne5 h2 37. a5 h1=Q 38. axb6 axb6 39. b4 cxb4 40. cxb4 Qh4+ 41. Kb5 Rg5 42. Kxb6 Rxe5 43. b5 Rxb5+ 44. Kc7 Rb7+ 45. Kc6 Rc7+ 46. Kd5 Rd7+ 47. Ke5 Re7+ 48. Kd5 Qe4+ 49.
Kc5 Qf5+ 50. Kb4 Qf6 51. Kb3 g5 52. Kc2 g4 53. Kd2 g3 54. Kd1 g2 55. Kd2 g1=Q 56.
Kc2 Qgg5 57. Kd3 Qff4 58. Kc2 Re3 59. Kb2 Qg2+ 60. Kc1 Qff1# 0-1

[Event "Live Chess"]
[Site "Chess.com"]
[Date "2023.05.21"]
[Round "-"]
[White "mikkyb4"]
[Black "Tushinskiy"]
[Result "0-1"]
[WhiteElo "1037"]
[BlackElo "2174"]
[TimeControl "300"]
[EndTime "17:02:42 PDT"]
[Termination "Tushinskiy won by resignation"]

1. e4 e5 2. Nc3 d6 3. Bc4 Nf6 4. d3 Be7 5. f4 O-O 6. f5 c6 7.
Nf3 b5 8. Bb3 Nbd7 9. O-O a5 10.
a3 Nc5 11. Ba2 b4 12. Ne2 d5 13. Qe1 dxe4 14. dxe4 Nfxe4 15. Nxe5 Bf6 16. Ng4 bxa3 17. Rb1 Ba6 18. Nxf6+ Qxf6 19. Rf3 Rab8 20. c3 axb2 21. Rxb2 Nd3 22. Rxb8 Nxe1 23. Rxf8+ Kxf8 24. Ba3+ c5 25. Re3 Bxe2 26. Rxe4 Qxc3 27. Rxe2 Qxa3 28. Rxe1 Qxa2 0-1

[Event "Live Chess"]
[Site "Chess.com"]
[Date "2023.05.21"]
[Round "-"]
[White "KGreenGator"]
[Black "flyingpuffins"]
[Result "1/2-1/2"]
[WhiteElo "1775"]
[BlackElo "1962"]
[TimeControl "300"]
[EndTime "17:02:48 PDT"]
[Termination "Game drawn - timeout vs insufficient material"]

1. c4 c6 2. d4 d5 3. e3 Nf6 4. Nf3 Bf5 5. Nc3 e6 6. Be2 Nbd7 7. a3 Bd6 8. c5 Bc7 9. Bd2 b6 10. b4 a5 11. O-O O-O 12. Qb3 Re8 13. Nh4 Bg4 14.
Bxg4 Nxg4 15. Nf3 e5 16. dxe5 Ngxe5 17. Nxe5 Nxe5 18. cxb6 Bxb6 19. bxa5 Bxa5 20. Nb1 Bc7 21. Bc3 Ng4 22. g3 Qg5 23. Kg2 Qh5 24. Rh1 Rab8 25. Qc2 Rxe3 26. h3 Nxf2 27. Kxf2 Qf3+ 28. Kg1 Qxg3+ 29.
Qg2 Re1+ 30. Bxe1 Qxe1+ 31. Qf1 Qg3+ 32. Qg2 Bb6+ 33. Kf1 Qd3+ 34. Qe2 Qf5+ 35. Ke1 Kf8 36. Rf1 Qxh3 37. Qf3 Re8+ 38. Kd1 Qe6 39. Nd2 f6 40. Kc2 c5 41. Rae1 Qf7 42. Rxe8+ Kxe8 43. Re1+ Kd7 44.
Qg4+ Kd6 45. Qf4+ Kd7 46. Qf5+ Kd6 47. Nf3 Qg6 48. Qxg6 hxg6 49. a4 Ba5 50. Rg1 g5 51. Kd3 Ke6 52. Rc1 c4+ 53. Kd4 Bb6+ 54. Kc3 g4 55. Nd4+ Ke5 56. Nc6+ Kf4 57. a5 Bc5 58. a6 g3 59. Rc2 Kf3 60. Nd4+ Ke3 61. Nf5+ Kf3 62.
Nxg3 Kxg3 63. Ra2 f5 64. a7 Bxa7 65. Rxa7 g5 66. Rf7 f4 67. Kd4 g4 68. Kxd5 f3 69.
Ke4 c3 70. Ke3 c2 71. Kd2 f2 72. Kxc2 Kg2 73. Kd3 f1=Q+ 74. Rxf1 Kxf1 75. Ke3 g3 76. Kf3 g2 77. Kg3 g1=Q+ 78. Kh3 Qf2 79. Kg4 Ke1 80. Kg5 Ke2 81. Kg6 Qe3 82. Kg7 Qe4 83. Kf6 Kd3 84. Kf7 Kd4 85. Kf6 Kd5 86. Kf7 Qe5 87.
Kg6 Qd6+ 88. Kf7 Kc5 89. Ke8 Kc6 90. Kf7 1/2-1/2

[Event "Live Chess"]
[Site "Chess.com"]
[Date "2023.05.21"]
[Round "-"]
[White "Baturin_Yevgeniy"]
[Black "gmnorfolk"]
[Result "1-0"]
[WhiteElo "1812"]
[BlackElo "2112"]
[TimeControl "300"]
[EndTime "17:02:48 PDT"]
[Termination "Baturin_Yevgeniy won by resignation"]

1. d4 Nf6 2. c3 d6 3. Qb3 e5 4. e3 Be7 5. Nd2 O-O 6. Bd3 Nc6 7. Ne2 Be6 8. Qxb7 Bd5 9. e4 Rb8 10. Qa6 Rb6 11. Qa4 Be6 12. d5 Nxd5 13. exd5 Bxd5 14.
O-O f5 15. Bc4 Bf7 16. Bxf7+ Rxf7 17. Nc4 1-0

[Event "Live Chess"]
[Site "Chess.com"]
[Date "2023.05.21"]
[Round "-"]
[White "manthanit"]
[Black "LanceMaster23"]
[Result "0-1"]
[WhiteElo "1044"]
[BlackElo "1873"]
[TimeControl "300"]
[EndTime "17:03:17 PDT"]
[Termination "LanceMaster23 won by resignation"]

1. e4 c5 2. Nf3 Nc6 3. Bc4 e6 4.
d3 d5 5. exd5 exd5 6. Bb3 Nf6 7.
a4 Be7 8. O-O Bg4 9. h3 Bh5 10.
Bg5 O-O 11. Re1 Re8 12. Nbd2 Nd4 13. a5 Nxb3 14. cxb3 d4 15. Nc4 Nd5 16. Bxe7 Rxe7 17. g4 Bg6 18. Kg2 Nf4+ 19. Kh2 Rxe1 20. Qxe1 Nxd3 21.
Qd2 Qc7+ 22. Kg1 Re8 23. Kg2 Be4 24. Na3 Qc6 0-1

[Event "Live Chess"]
[Site "Chess.com"]
[Date "2023.05.21"]
[Round "-"]
[White "peter-785"]
[Black "domrobson"]
[Result "1-0"]
[WhiteElo "1178"]
[BlackElo "1768"]
[TimeControl "300"]
[EndTime "17:03:25 PDT"]
[Termination "peter-785 won by resignation"]

1. e4 e5 2. Nf3 Nc6 3. Bc4 Nf6 4. Nc3 Nxe4 5. Bxf7+ Kxf7 6. Nxe4 d5 7. Neg5+ Kg8 8.
Nh3 e4 9. Nfg1 Qg5 10. Nxg5 Bg4 11. f3 1-0

[Event "Live Chess"]
[Site "Chess.com"]
[Date "2023.05.21"]
[Round "-"]
[White "educatedlad"]
[Black "LiamClery2020"]
[Result "0-1"]
[WhiteElo "1627"]
[BlackElo "2044"]
[TimeControl "300"]
[EndTime "17:03:58 PDT"]
[Termination "LiamClery2020 won by resignation"]

1. e4 Nf6 2. e5 Nd5 3. Nc3 Nxc3 4. dxc3 d6 5. exd6 Qxd6 6. Qxd6 cxd6 7. Be3 Nc6 8.
O-O-O e5 9. Bb5 Bd7 10. Nf3 Be7 11. Rhf1 O-O 12. Rfe1 a6 13. Bxc6 Bxc6 14. Ng5 Bxg2 15. f3 f6 16. Ne6 Bxf3 17. Rg1 Bxd1 18. Rxg7+ Kh8 19. Rxe7 Rae8 20. Nxf8 Rxe7 21. Kxd1 Kg7 22. Ne6+ Rxe6 0-1

[Event "Live Chess"]
[Site "Chess.com"]
[Date "2023.05.21"]
[Round "-"]
[White "grillage"]
[Black "toog"]
[Result "0-1"]
[WhiteElo "1831"]
[BlackElo "2582"]
[TimeControl "300"]
[EndTime "17:04:36 PDT"]
[Termination "toog won on time"]

1. d4 Nf6 2. Nc3 e6 3. Bf4 b6 4. e3 Bb7 5. Nf3 d6 6. Bb5+ Nbd7 7. Bd3 Be7 8. O-O O-O 9. Re1 Re8 10. e4 Bf8 11. e5 Nd5 12. Nxd5 Bxd5 13. c4 Bb7 14. Bxh7+ Kxh7 15. Ng5+ Kg6 16. Qg4 f5 17. Qh4 dxe5 18. dxe5 Nxe5 19. Qh7+ Kf6 20. Bxe5+ Ke7 21. Qg6 Kd7 22. Rad1+ Bd6 23. Bxd6 cxd6 24. Nxe6 Qf6 25. Qxg7+ Qxg7 26. Nxg7 Rg8 27. Nxf5 Bxg2 28. Rxd6+ Kc7 29. Re7+ Kc8 30. Ng3 Bf3 31. Rdd7 a5 32. Rg7 Re8 33. Rde7 Rd8 34. Rc7+ Kb8 35. Rcd7 Rc8 36. Rgf7 Bc6 37. Rde7 a4 38. b3 axb3 39. axb3 Ra1+ 40. Nf1 Rg8+ 41.
Rg7 Rd8 42. f4 Rf8 43. Rgf7 Rd8 44. Kf2 Ra2+ 45. Kg3 Rg8+ 46. Rg7 Rg2+ 47. Kh4 R2xg7 48. Rxg7 Rxg7 49. f5 Rg2 0-1

[Event "Live Chess"]
[Site "Chess.com"]
[Date "2023.05.21"]
[Round "-"]
[White "flyingpuffins"]
[Black "gmnorfolk"]
[Result "0-1"]
[WhiteElo "1957"]
[BlackElo "2117"]
[TimeControl "300"]
[EndTime "17:04:36 PDT"]
[Termination "gmnorfolk won by resignation"]

1. e4 c5 2. Nf3 d6 3. d4 cxd4 4. Nxd4 Nf6 5. Nc3 a6 6. Bc4 e6 7. Bb3 Nbd7 8. O-O Nc5 9. Kh1 Ncxe4 10. Nxe4 Nxe4 11. Qf3 d5 12. Bf4 Bd6 13. Be3 O-O 14. c3 Qh4 15. h3 Qf6 16. Qg4 e5 0-1

[Event "Live Chess"]
[Site "Chess.com"]
[Date "2023.05.21"]
[Round "-"]
[White "Tilbs_12"]
[Black "AbilifyXL"]
[Result "0-1"]
[WhiteElo "1544"]
[BlackElo "1952"]
[TimeControl "300"]
[EndTime "17:04:37 PDT"]
[Termination "AbilifyXL won by checkmate"]

1. e4 d5 2. exd5 Qxd5 3. Nc3 Qa5 4. Bc4 c6 5. Nf3 Nf6 6. h3 Bf5 7. O-O e6 8. d3 Be7 9. Bf4 Nbd7 10. a3 O-O 11. b4 Qd8 12. Re1 Nb6 13. Bb3 Nbd5 14. Nxd5 cxd5 15. Nd4 Bg6 16. c4 Rc8 17. c5 a6 18. Nf3 d4 19. Be5 Bh5 20. g4 Bg6 21. Nxd4 Nd5 22. Nf3 Bf6 23. Bxf6 Qxf6 24. d4 Nf4 25.
Kh2 Rcd8 26. Bc2 Rfe8 27. Bxg6 hxg6 28. Re5 Rd5 29. Rxd5 exd5 30. Qa4 Re2 31. Kg3 Nd3 32. Re1 Qf4+ 33. Kh4 Qxf3 34. Rxe2 Qxe2 35. Kg3 Qxf2# 0-1

[Event "Live Chess"]
[Site "Chess.com"]
[Date "2023.05.21"]
[Round "-"]
[White "JohanKjeldahl"]
[Black "Olisingapore"]
[Result "1-0"]
[WhiteElo "1868"]
[BlackElo "1811"]
[TimeControl "300"]
[EndTime "17:04:46 PDT"]
[Termination "JohanKjeldahl won by checkmate"]

1. e4 c5 2. Nf3 d6 3. d4 cxd4 4.
Nxd4 Nf6 5. Nc3 a6 6. Bg5 e6 7. f4 Be7 8. Qf3 Qc7 9. O-O-O Nbd7 10. g4 h6 11. Bxf6 Bxf6 12. f5 e5 13. Nd5 Qd8 14.
Nb3 b5 15. Kb1 Bb7 16. Nxf6+ Nxf6 17. h4 Bxe4 18. Qh3 Bxh1 19. Qxh1 Rc8 20. Qg2 Qc7 21. g5 hxg5 22. hxg5 Nh5 23. g6 f6 24. Bd3 Nf4 25. Qf3 Nxd3 26. Qxd3 Qc6 27. Na5 Qg2 28. Nb7 Qxb7 29.
Qxd6 Qc6 30. Qd3 Rh2 31. c3 Qg2 32. Qd7+ Kf8 33. Qf7# 1-0

[Event "Live Chess"]
[Site "Chess.com"]
[Date "2023.05.21"]
[Round "-"]
[White "wot-not"]
[Black "EdenHazard8"]
[Result "0-1"]
[WhiteElo "1545"]
[BlackElo "2001"]
[TimeControl "300"]
[EndTime "17:04:51 PDT"]
[Termination "EdenHazard8 won by checkmate"]

1. e4 c6 2. f4 d5 3. e5 c5 4.
Nf3 Nc6 5. d4 Bg4 6. Bd3 e6 7. O-O Nxd4 8. Nbd2 Nc6 9. h3 Bh5 10.
f5 c4 11. fxe6 fxe6 12. Be2 Bc5+ 13. Kh1 Nge7 14. Ng5 Bxe2 15. Qxe2 Nd4 16. Qh5+ g6 17. Qh6 Nef5 18. Nf7 Ng3+ 19. Kh2 Nxf1+ 20. Kh1 Ng3+ 21. Kh2 Nde2 22. Nxd8 Bg1# 0-1

[Event "Live Chess"]
[Site "Chess.com"]
[Date "2023.05.21"]
[Round "-"]
[White "AlanPaling"]
[Black "Cimon"]
[Result "0-1"]
[WhiteElo "1381"]
[BlackElo "1875"]
[TimeControl "300"]
[EndTime "17:05:07 PDT"]
[Termination "Cimon won on time"]

1. c4 Nf6 2. Nc3 e6 3. e4 d6 4. g3 c5 5. Bg2 Nc6 6. f4 a6 7. Nge2 Qc7 8. O-O Be7 9. d3 O-O 10. h3 Rb8 11. a4 e5 12. f5 Nd4 13. Be3 Bd7 14. g4 Ne8 15. b3 Qd8 16. Nd5 Bc6 17. Nec3 Nf6 18. Nxe7+ Qxe7 19. g5 Nd7 20. Ne2 f6 21.
gxf6 Nxf6 22. Nxd4 cxd4 23. Bg5 b5 24. axb5 axb5 25.
Bf3 bxc4 26. bxc4 Ra8 27. Qd2 Qb7 28. Rfb1 Rxa1 29. Rxa1 Ra8 30. Rxa8+ Qxa8 31. Qg2 Qd8 32. Qb2 h6 33. Bh4 Qa8 34. Bxf6 gxf6 35. Kh2 Kf7 36. h4 Ke7 37. Qg2 Qf8 38. Qg6 Be8 39. Qh7+ Kd8 40. Qb7 Bd7 41. Bh5 Ke7 42. Kg3 Qc8 43. Qxc8 Bxc8 44. Be2 Bd7 45. Kg4 Be8 46. Kg3 Kd8 47. Kf2 Kc7 48. Ke1 Kb6 49. Kd2 Kc5 50. Kc2 Kb4 51. Kb2 Ba4 52. Bh5 Bc6 53. Bf7 Ba4 54. Bd5 Bd1 55. Bf7 Be2 56. Kc2 Bf3 0-1

[Event "Live Chess"]
[Site "Chess.com"]
[Date "2023.05.21"]
[Round "-"]
[White "jimwad"]
[Black "elvenstar"]
[Result "1-0"]
[WhiteElo "1222"]
[BlackElo "1550"]
[TimeControl "300"]
[EndTime "17:05:09 PDT"]
[Termination "jimwad won on time"]

1. d4 Nf6 2. c4 e6 3. Nc3 d5 4. c5 c6 5. e3 Be7 6. Nf3 O-O 7.
Bd3 h6 8. O-O Re8 9. b4 Nbd7 10.
Bb2 Nf8 11. b5 Bd7 12. a4 Qc7 13. Ne5 cxb5 14. Nxd7 Qxd7 15. Bxb5 Qc7 16. Bxe8 Rxe8 17. Nb5 Qb8 18. a5 a6 19. Nc3 Ng6 20. Ba3 Qc7 21. Qa4 Rb8 22. Rfc1 Ng4 23. g3 Nf6 24. Ne2 Nh7 25.
c6 Bxa3 26. cxb7 Bxc1 27. Rxc1 Qxb7 28. Qc6 Qxc6 29. Rxc6 Ra8 30. Nc3 Nf6 31. Na4 Ne7 32. Rb6 Ne4 33. Nc5 Kf8 34. Nxa6 Ke8 35. Nc7+ Kd8 36. Nxa8 Kc8 37. a6 Nf6 38. a7 Nd7 39. Rb1 Nc6 40. Nb6+ Nxb6 41. Rxb6 Nxa7 42. Ra6 Kb7 43.
Ra1 Nc6 44. Kg2 Kc7 45. f3 Kd7 46. h4 Ke7 47. g4 Kf6 48. Ra6 Ne7 49. Kg3 Ng6 50.
h5 Ne7 51. f4 g6 52. hxg6 Nxg6 53. f5 Ne7 54. fxe6 fxe6 55. Kf4 Ng6+ 56. Kf3 Nf8 57. Ra7 Kg5 58. Rg7+ Ng6 59. Rxg6+ Kxg6 60. Kf4 1-0

[Event "Live Chess"]
[Site "Chess.com"]
[Date "2023.05.21"]
[Round "-"]
[White "LanceMaster23"]
[Black "domrobson"]
[Result "1-0"]
[WhiteElo "1879"]
[BlackElo "1762"]
[TimeControl "300"]
[EndTime "17:05:17 PDT"]
[Termination "LanceMaster23 won by resignation"]

1. Nf3 Nf6 2. d4 d5 3. Bf4 e6 4. e3 c5 5. c3 Nc6 6. Nbd2 Qb6 7.
Qb3 Be7 8. Be2 O-O 9. h3 c4 10. Qc2 Qd8 11. O-O Bd6 12. Bxd6 Qxd6 13. e4 dxe4 14. Nxe4 Nxe4 15. Qxe4 Re8 16. Bxc4 e5 17. Rfe1 Bd7 18. Nxe5 Nxe5 19. dxe5 Qc5 20. Qd5 Qxd5 21. Bxd5 Bc6 22. Bxc6 bxc6 23. Rad1 1-0

[Event "Live Chess"]
[Site "Chess.com"]
[Date "2023.05.21"]
[Round "-"]
[White "stevochess11"]
[Black "Singapourfeuj"]
[Result "1-0"]
[WhiteElo "1794"]
[BlackElo "2180"]
[TimeControl "300"]
[EndTime "17:05:27 PDT"]
[Termination "stevochess11 won - game abandoned"]

1. d4 Nf6 2. Nf3 g6 3. Nc3 Bg7 4. e4 d6 5. Be3 O-O 6. Qd2 Ng4 7. Bg5 h6 8. Bh4 e5 9. d5 Qe8 10. h3 Nf6 11. Bxf6 Bxf6 12. Qxh6 Bg7 13. Qh4 f6 14. Be2 Na6 15. Bxa6 bxa6 16. O-O Rb8 17. b3 g5 18. Qg3 Qg6 19. Nh4 Qh7 20. Nf3 Qh5 21. Nd1 Bh6 22. Ne3 1-0

[Event "Live Chess"]
[Site "Chess.com"]
[Date "2023.05.21"]
[Round "-"]
[White "Tushinskiy"]
[Black "Ed_Knox"]
[Result "1-0"]
[WhiteElo "2174"]
[BlackElo "1468"]
[TimeControl "300"]
[EndTime "17:05:27 PDT"]
[Termination "Tushinskiy won by checkmate"]

1. d4 g6 2. c3 Bg7 3. Nf3 d6 4. Bf4 Nd7 5. e4 e5 6. dxe5 dxe5 7. Bg3 Ne7 8. Nbd2 f5 9. exf5 Nxf5 10. Bc4 Nc5 11. O-O Nxg3 12. hxg3 e4 13. Re1 Bg4 14. Nxe4 Qxd1 15. Raxd1 Bxf3 16. Nxc5+ Kf8 17. gxf3 b6 18. Nd7# 1-0

[Event "Live Chess"]
[Site "Chess.com"]
[Date "2023.05.21"]
[Round "-"]
[White "NAZRIZ1977"]
[Black "1600x"]
[Result "1/2-1/2"]
[WhiteElo "2009"]
[BlackElo "1832"]
[TimeControl "300"]
[EndTime "17:05:45 PDT"]
[Termination "Game drawn - insufficient material"]

1. d4 e5 2. e4 Qe7 3. Nf3 exd4 4.
Bd3 Nf6 5. O-O Nc6 6. c3 d5 7. exd5 Nxd5 8. Re1 Ne5 9. Nxe5 Qd6 10. Nc4+ Qe7 11.
Rxe7+ Bxe7 12. cxd4 Be6 13. Nc3 Nxc3 14. bxc3 O-O-O 15. Bf4 c5 16. Qa4 cxd4 17. Qxa7 Kd7 18. Qxb7+ Ke8 19. Ne5 Bf6 20. Bb5+ Kf8 21. cxd4 g6 22.
Bh6+ Bg7 23. Bxg7+ Kxg7 24. Rd1 Bxa2 25. d5 Rhf8 26. Bc4 Bxc4 27. Nxc4 Rc8 28. Ne5 Rb8 29.
Qc7 Rbc8 30. Qd6 Rcd8 31. Nd7 Kh6 32. Nxf8 Rxd6 33. Re1 Rxd5 34. g3 Rd8 35. Nxg6 Kxg6 36.
Kg2 Kf6 37. Re4 Rd3 38. Rh4 Kg6 39. Re4 Rd2 40. h4 Rb2 41. Rf4 f5 42. Rd4 Rb3 43.
Rd5 Kf6 44. Rd7 h5 45. Rh7 Kg6 46. Rh8 f4 47. gxf4 Kf5 48. Rxh5+ Kxf4 49. Rg5 Rb6 50. Rg3 Rb5 51. Rg8 Rb4 52. h5 Rb5 53. h6 Rh5 54. Rh8 Kg5 55. Kg3 Kg6 56. Kg4 Rg5+ 57. Kf4 Rf5+ 58.
Ke3 Re5+ 59. Kf3 Rf5+ 60. Kg2 Rg5+ 61. Kf1 Rc5 62. f3 Rc2 63. f4 Rh2 64. Kg1 Rxh6 65. Rf8 Kg7 66. Ra8 Rf6 67. Ra4 Kg6 68. Kf2 Kf5 69. Kf3 Ra6 70. Rb4 Rb6 71. Rc4 Rc6 72. Rd4 Rc3+ 73. Kf2 Rc2+ 74. Ke3 Rc3+ 75. Rd3 Rxd3+ 76.
Kxd3 Kxf4 1/2-1/2

[Event "Live Chess"]
[Site "Chess.com"]
[Date "2023.05.21"]
[Round "-"]
[White "nigelst"]
[Black "raminguy"]
[Result "1-0"]
[WhiteElo "1797"]
[BlackElo "1949"]
[TimeControl "300"]
[EndTime "17:06:16 PDT"]
[Termination "nigelst won by resignation"]

1. e4 e5 2. Nf3 Nc6 3. Bb5 Nf6 4.
O-O Nxe4 5. d4 Nd6 6. Bxc6 dxc6 7. dxe5 Nf5 8. Qxd8+ Kxd8 9. Nbd2 Bc5 10. h3 Ke7 11.
Ne4 Bb6 12. Bg5+ Ke6 13. Rad1 h6 14. Bc1 Ke7 15. g4 Be6 16. gxf5 Bxf5 17. Rfe1 Bxh3 18. b4 Bg4 19. Kg2 Bf5 20. c4 a6 21. c5 Ba7 22.
Nd4 Bg6 23. Ng3 Rhe8 24. e6 Kf8 25. Ngf5 fxe6 26. Nxe6+ Rxe6 27. Rxe6 Bxf5 28. Re5 g6 29. Bxh6+ Kf7 30. Bg5 Rh8 31. Re7+ 1-0

[Event "Live Chess"]
[Site "Chess.com"]
[Date "2023.05.21"]
[Round "-"]
[White "karimghalambaz"]
[Black "luckywookie"]
[Result "1-0"]
[WhiteElo "1281"]
[BlackElo "766"]
[TimeControl "300"]
[EndTime "17:06:37 PDT"]
[Termination "karimghalambaz won by resignation"]

1. d4 d5 2. Bf4 Nc6 3. e3 e6 4. Nf3 Bd6 5. Bg3 Bxg3 6. hxg3 Nf6 7. c3 Bd7 8. Bd3 Ne4 9. Nbd2 f5 10. g4 h6 11.
gxf5 exf5 12. Ne5 Nxe5 13. dxe5 Nxd2 14. Qxd2 Be6 15. O-O-O Qd7 16. f4 O-O-O 17. Qc2 g6 18. g4 Qf7 19. gxf5 Bxf5 20. Bxf5+ Qxf5 21. Qxf5+ gxf5 22. Rh5 c6 23. Rxf5 Rdg8 24. Rh1 Rg2 25. Rfh5 Kd7 26. Rxh6 Rxh6 27. Rxh6 Rg3 28. Kd2 Ke7 29.
Rh7+ Ke6 30. Rxb7 Kf5 31. Rxa7 Ke4 32. Rc7 Rxe3 33. Rxc6 Rg3 34. e6 Rg2+ 35. Kc1 Kd3 36. b4 Rxa2 37. e7 Re2 38. Rc7 Re1+ 39. Kb2 Re2+ 40. Kb3 Kd2 41. f5 d4 42. cxd4 Re3+ 43. Kc4 Rc3+ 44. Kb5 Rxc7 45. e8=Q Rb7+ 46. Kc5 Rc7+ 47.
Kd5 Rc3 48. f6 Kd3 49. f7 Rc4 50. Qe4+ Kc3 51. Qe1+ Kd3 52. Qf1+ Kc3 53. Qxc4+ 1-0

[Event "Live Chess"]
[Site "Chess.com"]
[Date "2023.05.21"]
[Round "-"]
[White "JoshMcK"]
[Black "Biranidun"]
[Result "0-1"]
[WhiteElo "1527"]
[BlackElo "2655"]
[TimeControl "300"]
[EndTime "17:06:43 PDT"]
[Termination "Biranidun won by resignation"]

1. e4 c5 2. c3 Nf6 3. e5 Nd5 4. Nf3 d6 5. exd6 Qxd6 6. d4 cxd4 7. Nxd4 a6 8. Be2 e5 9. Nf3 Nc6 10. O-O Be7 11. Re1 O-O 12. Na3 Be6 13. Nc4 Qc7 14. Bg5 f6 15. Bh4 Rad8 16. Qc2 b5 17. Ne3 Nf4 18. Bg3 Nxe2+ 19. Qxe2 Bc5 20. b4 Bb6 21. a4 Bxe3 22. Qxe3 Ne7 23. axb5 axb5 24. Ra7 Qd6 25. Nxe5 Nf5 26. Qe2 Nxg3 27. hxg3 fxe5 28. Qxe5 Qxe5 29.
Rxe5 Bc4 30. Ree7 Rf7 31. Rxf7 Bxf7 32. f3 Bc4 33. Kh2 Rd3 34. Ra3 h6 35. g4 Kh7 36.
Kg3 Rd2 37. Kh3 Bf1 38. Kg3 Rxg2+ 39. Kf4 Bc4 40. Ke3 Ra2 41. Rxa2 Bxa2 0-1

[Event "Live Chess"]
[Site "Chess.com"]
[Date "2023.05.21"]
[Round "-"]
[White "Conradical12"]
[Black "DerbyKnight"]
[Result "0-1"]
[WhiteElo "1588"]
[BlackElo "1573"]
[TimeControl "300"]
[EndTime "17:07:00 PDT"]
[Termination "DerbyKnight won by resignation"]

1. e4 c6 2. Nf3 d5 3. exd5 cxd5 4. d4 Nc6 5. c4 Bg4 6. Nc3 e6 7.
Qc2 Bxf3 8. gxf3 dxc4 9. Bxc4 Nf6 10. Qb3 Qd7 11. Be3 Bd6 12. O-O-O a6 13. d5 exd5 14. Bxd5 Nxd5 15. Nxd5 Qf5 16. Qxb7 Rc8 17. Nc3 Bf4 18. Rhe1 O-O 19. Bxf4 Qxf4+ 20. Kb1 Nb4 21. Qe7 Qf5+ 22. Re4 Nc6 23. Qd6 h5 24. Ka1 Qxf3 25. Rg1 Qxf2 26.
Ree1 Nd4 0-1

[Event "Live Chess"]
[Site "Chess.com"]
[Date "2023.05.21"]
[Round "-"]
[White "Doge_Dandolo"]
[Black "therealab0ne"]
[Result "1-0"]
[WhiteElo "1983"]
[BlackElo "708"]
[TimeControl "300"]
[EndTime "17:07:26 PDT"]
[Termination "Doge_Dandolo won by resignation"]

1. Nf3 c5 2. c4 d5 3. cxd5 Qxd5 4. g3 Nf6 5. Bg2 Bg4 6. O-O Ne4 7. d3 Nxg3 8. hxg3 e5 9. Nc3 Qd7 10. Ne4 Bxf3 11.
Bxf3 Nc6 12. Be3 b6 13. Rc1 Ne7 14. Nxc5 bxc5 15. Bxa8 Nf5 16. Bxc5 Bxc5 17. Rxc5 O-O 18. Bg2 Re8 19. Qc2 Nd6 20. Bc6 Qc8 21. Bxe8 Qxe8 22.
Rc6 Qe7 1-0

[Event "Live Chess"]
[Site "Chess.com"]
[Date "2023.05.21"]
[Round "-"]
[White "GMHarry-youtube"]
[Black "sanjesh_ananda"]
[Result "1-0"]
[WhiteElo "2036"]
[BlackElo "1342"]
[TimeControl "300"]
[EndTime "17:07:28 PDT"]
[Termination "GMHarry-youtube won by checkmate"]

1. e4 e5 2. Nf3 Nf6 3. Nxe5 Nc6 4. Nxc6 dxc6 5. d3 Bc5 6. Be2 Qd4 7. O-O h5 8. c3 Qd6 9. d4 Ng4 10. Bxg4 hxg4 11.
e5 Qg6 12. dxc5 Qh7 13. Bf4 g5 14. Bg3 Bf5 15. Qb3 O-O-O 16. Na3 Be6 17. Qa4 a6 18. Rad1 Rdg8 19. b4 Rg6 20. b5 cxb5 21. Nxb5 Bd7 22.
Rxd7 axb5 23. Qd4 Rh6 24. Rd1 b6 25. Rd8+ Rxd8 26. Qxd8+ Kb7 27. c6+ Ka7 28. Qxc7+ Ka8 29. Qb7# 1-0

[Event "Live Chess"]
[Site "Chess.com"]
[Date "2023.05.21"]
[Round "-"]
[White "John_Warren"]
[Black "LL220284LL"]
[Result "0-1"]
[WhiteElo "1256"]
[BlackElo "2333"]
[TimeControl "300"]
[EndTime "17:07:35 PDT"]
[Termination "LL220284LL won on time"]

1. e4 c6 2. d4 d5 3. e5 Bf5 4. Bd3 Bxd3 5. Qxd3 e6 6. Be3 Nd7 7. Ne2 c5 8. dxc5 Bxc5 9. Bxc5 Nxc5 10.
Qb5+ Nd7 11. Qxb7 Rb8 12. Qxa7 Rxb2 13. Nbc3 Ne7 14. O-O O-O 15. a4 Nxe5 16. a5 N7c6 17. Qe3 d4 18. Qg3 dxc3 19. Nxc3 Rxc2 20. Ne4 Ng6 21.
a6 Qa8 22. Nd6 Nd4 23. Qg4 e5 24. Nf5 Nxf5 25. Qxf5 Rc6 26. Qd3 Nf4 27. Qe4 Rg6 28. Qxa8 Rxa8 29. g3 Ne2+ 30. Kg2 Nd4 31. Rfe1 Rgxa6 32. Rxa6 Rxa6 33. Rxe5 f6 34. Re8+ Kf7 35. Rd8 Ne6 36.
Rd7+ Kg6 37. h4 h5 38. Rd3 Ra5 39. Rb3 Re5 40. Rb6 Kf5 41. Rb7 g5 42. hxg5 fxg5 43. Rf7+ Kg6 44. Rb7 Nd4 45. Rb6+ Re6 46. Rb4 Nf5 47. g4 hxg4 48. Rxg4 Nh4+ 49. Kg3 Kf5 50. Ra4 Ng6 51. Ra5+ Re5 52. Ra4 Nf4 53. Ra7 Re1 54. Rf7+ Kg6 55. Ra7 Rg1+ 56. Kf3 Rh1 57. Ra6+ Kh5 58. Ra8 Rh3+ 59. Ke4 Rb3 60. Rh8+ Kg4 61.
Rf8 Rb4+ 62. Ke3 Rb3+ 63. Ke4 Rf3 64. Kd4 Rxf2 65. Ke5 Nd3+ 66. Ke6 Rxf8 0-1

[Event "Live Chess"]
[Site "Chess.com"]
[Date "2023.05.21"]
[Round "-"]
[White "jimwad"]
[Black "domrobson"]
[Result "1-0"]
[WhiteElo "1239"]
[BlackElo "1747"]
[TimeControl "300"]
[EndTime "17:07:46 PDT"]
[Termination "jimwad won by resignation"]

1. c4 Nf6 2. g3 e6 3. Bg2 d5 4. cxd5 exd5 5. d4 c6 6. Nc3 Nbd7 7. e3 Be7 8. Nge2 Kf8 9. O-O Nb6 10. b3 Be6 11. Nf4 Bf5 12. a4 g5 13. Nfe2 h5 14. Ba3 h4 15. Bxe7+ Qxe7 16. gxh4 gxh4 17. h3 Rg8 18. Kh2 Re8 19. Nf4 Ne4 20. Bxe4 Bxe4 21. Rg1 f5 22. Rxg8+ Kxg8 23. Qg1+ Kh8 24. Ng6+ 1-0